 Dungeon Crawl Stone Soup version 0.28-a0-1130-gc51a68064b (webtiles) character file.

Game seed: 2806913733903254429

55 Redcow54321 the Covert (level 3, -4/35 HPs)
             Began as a Gnoll Delver on Dec 13, 2021.
             Slain by a bullfrog zombie (6 damage)
             ... on level 7 of the Dungeon.
             The game lasted 00:00:42 (35 turns).

Redcow54321 the Covert (Gnoll Delver)                 Turns: 35, Time: 00:00:42

Health: -4/35      AC:  3    Str: 13    XL:     3   Next: 93%
Magic:  2/4        EV: 13    Int:  9    God:
Gold:   0          SH:  0    Dex: 13    Spells: 4/4 levels left

rFire   . . .      SeeInvis .   a - +0 falchion
rCold   . . .      Faith    .   (no shield)
rNeg    . . .      Spirit   .   b - +0 leather armour
rPois   .          Reflect  .   (no helmet)
rElec   .          Harm     .   (no cloak)
rCorr   .          Rampage  .   (no gloves)
Will    .....                   (no boots)
Stlth   ++++......              (no amulet)
HPRegen 0.11/turn               (no ring)
MPRegen 0.09/turn               (no ring)

@: no status effects
A: fangs 1, strong nose, distributed training
a: no special abilities


You were on level 7 of the Dungeon.
You visited 1 branch of the dungeon, and saw 3 of its levels.

Inventory:

Hand Weapons
 a - a +0 falchion (weapon)
Armour
 b - a +0 leather armour (worn)
Wands
 g - a wand of digging (3)
Scrolls
 c - a scroll of fog
 d - a scroll of magic mapping
 e - a scroll of fear
Potions
 f - a potion of haste


   Skills:
 + Level 6.5 Fighting
 + Level 1.0 Short Blades
 + Level 4.6 Long Blades
 + Level 1.0 Axes
 + Level 1.0 Maces & Flails
 + Level 1.0 Polearms
 + Level 1.0 Staves
 + Level 1.0 Slings
 + Level 1.0 Bows
 + Level 1.0 Crossbows
 + Level 1.0 Throwing
 + Level 1.0 Armour
 + Level 4.6 Dodging
 + Level 9.6 Stealth
 + Level 1.0 Shields
 + Level 1.0 Unarmed Combat
 + Level 1.0 Spellcasting
 + Level 0.7 Conjurations
 + Level 0.7 Hexes
 + Level 0.7 Summonings
 + Level 0.7 Necromancy
 + Level 0.7 Translocations
 + Level 0.7 Transmutations
 + Level 0.7 Fire Magic
 + Level 0.7 Ice Magic
 + Level 0.7 Air Magic
 + Level 0.7 Earth Magic
 + Level 0.7 Poison Magic
 + Level 1.0 Invocations
 + Level 1.0 Evocations


You had 4 spell levels left.
You didn't know any spells.
Your spell library was empty.

Dungeon Overview and Level Annotations

Branches:
Dungeon (7/15)
 Temple: D:4-7

Altars:


Innate Abilities, Weirdness & Mutations

You have very sharp teeth.
Your uncanny sense of smell can sniff out nearby items.
Your experience applies equally to all skills.


Message History

Your Short Blades skill increases to level 1!
Your Axes skill increases to level 1!
Your Maces & Flails skill increases to level 1!
Your Polearms skill increases to level 1!
Your Staves skill increases to level 1!
Your Slings skill increases to level 1!
Your Bows skill increases to level 1!
Your Crossbows skill increases to level 1!
Your Throwing skill increases to level 1!
Your Armour skill increases to level 1!
Your Shields skill increases to level 1!
Your Unarmed Combat skill increases to level 1!
Your Spellcasting skill increases to level 1!
Your Invocations skill increases to level 1!
Your Evocations skill increases to level 1!
You have reached level 2!
You have reached level 3!
Your experience leads to an increase in your attributes!
Increase (S)trength, (I)ntelligence, or (D)exterity?
You feel stronger. x2
You feel sick.
You feel sick. The bullfrog zombie closely misses you.
You feel sick.
You feel sick.
You feel sick.
The bullfrog zombie hits you but does no damage.
You feel sick.
You feel sick.
You feel sick.
You are no longer poisoned.
The bullfrog zombie closely misses you. The bullfrog zombie hits you.
* * * LOW HITPOINT WARNING * * *
You slash the bullfrog zombie!
The bullfrog zombie is moderately damaged.
The bullfrog zombie hits you.
* * * LOW HITPOINT WARNING * * *
The bullfrog zombie hits you but does no damage.
You barely miss the bullfrog zombie.
The bullfrog zombie is moderately damaged.
The bullfrog zombie hits you.
You die...

######
##..Z@#
#..####
#.## ##.##
#####
#..###.†.#
#.....<..#
########..#
..# ...


You could see a bullfrog zombie.

Vanquished Creatures
  A scorpion (D:7)
1 creature vanquished.

Notes
Turn   | Place    | Note
-------+----------+-------------------------------------------
     0 | D:5      | Reached skill level 9 in Stealth
     0 | D:5      | Redcow54321 the Gnoll Delver began the quest for the Orb.
     0 | D:5      | Reached XP level 1. HP: 23/23 MP: 1/1
     6 | D:6      | Noticed a gnoll shaman
    10 | D:6      | Noticed an ogre
    15 | D:7      | Noticed a scorpion
    22 | D:7      | Killed a scorpion
    23 | D:7      | Reached skill level 1 in Short Blades
    23 | D:7      | Reached skill level 1 in Axes
    23 | D:7      | Reached skill level 1 in Maces & Flails
    23 | D:7      | Reached skill level 1 in Polearms
    23 | D:7      | Reached skill level 1 in Staves
    23 | D:7      | Reached skill level 1 in Slings
    23 | D:7      | Reached skill level 1 in Bows
    23 | D:7      | Reached skill level 1 in Crossbows
    23 | D:7      | Reached skill level 1 in Throwing
    23 | D:7      | Reached skill level 1 in Armour
    23 | D:7      | Reached skill level 1 in Shields
    23 | D:7      | Reached skill level 1 in Unarmed Combat
    23 | D:7      | Reached skill level 1 in Spellcasting
    23 | D:7      | Reached skill level 1 in Invocations
    23 | D:7      | Reached skill level 1 in Evocations
    23 | D:7      | Reached XP level 2. HP: 13/29 MP: 1/3
    23 | D:7      | Reached XP level 3. HP: 16/35 MP: 1/4
    35 | D:7      | Slain by a bullfrog zombie

Illustrated notes

Levels and vault maps discovered:
D:5:      layout_loops_ring, mainiacjoe_overflow_six_doors_small, serial_shops,
          nicolae_inconvenience_store, uniq_duvessa, uniq_blork_the_orc,
          uniq_edmund
D:6:      layout_loops_ring, lemuel_temple_firewalk_b, serial_shops,
          nicolae_stop_n_shop_1, uniq_pikel
D:7:      layout_layer_cave, minitemple, grunt_ogre_cave,
          chequers_serial_rivers_room_b, minmay_misc_feat_tiny, uniq_joseph,
          uniq_crazy_yiuf_cottage

Skill      XL: |  1 |
---------------+----+-----
Stealth        | |  9.6
Short Blades   | 1 |  1.0
Axes           | 1 |  1.0
Maces & Flails | 1 |  1.0
Polearms       | 1 |  1.0
Staves         | 1 |  1.0
Slings         | 1 |  1.0
Bows           | 1 |  1.0
Crossbows      | 1 |  1.0
Throwing       | 1 |  1.0
Armour         | 1 |  1.0
Shields        | 1 |  1.0
Unarmed Combat | 1 |  1.0
Spellcasting   | 1 |  1.0
Invocations    | 1 |  1.0
Evocations     | 1 |  1.0
Fighting       | |  6.5
Long Blades    | |  4.6
Dodging        | |  4.6
Conjurations   | |  0.7
Hexes          | |  0.7
Summonings     | |  0.7
Necromancy     | |  0.7
Translocations | |  0.7
Transmutations | |  0.7
Fire Magic     | |  0.7
Ice Magic      | |  0.7
Air Magic      | |  0.7
Earth Magic    | |  0.7
Poison Magic   | |  0.7

Action                   || total
-------------------------++-------
Melee: Falchion          ||     9
       Bite              ||     1
 Stab: Sleeping          ||     1
Armor: Leather armour    ||     2
Dodge: Dodged            ||     9

Table legend: (Time is in decaauts)
 A = Elapsed time spent in this place.
 B = Non-inter-level travel time spent in this place.
 C = Inter-level travel time spent in this place.
 D = Time resting spent in this place.
 E = Time spent auto-exploring this place.
 F = Levels seen in this place.
 G = Mean time per level.
                   A        B        C        D        E       F      G
               +--------+--------+--------+--------+--------+-----+--------+
         Total |     35 |     35 |      0 |      0 |      2 |   3 |   11.7 |
       Dungeon |     35 |     35 |      0 |      0 |      2 |   3 |   11.7 |
               +--------+--------+--------+--------+--------+-----+--------+

Top non-repeatable levels by time:
     D:7: 20 daAuts
     D:6: 13 daAuts
     D:5: 1 daAuts
